 Dungeon Crawl Stone Soup version 0.17-a0-1945-gfe993df (webtiles) character file.

506168 Goresteps the Slayer (level 23, -8/213 HPs)
             Began as a Demonspawn Gladiator on Sept 28, 2015.
             Was an Elder of Cheibriados.
             Killed from afar by an anubis guard (13 damage)
             ... with a bolt of negative energy
             ... on level 3 of the Tomb of the Ancients on Sept 30, 2015.
             The game lasted 07:56:25 (45739 turns).

Goresteps the Slayer (Demonspawn Gladiator)        Turns: 45739, Time: 07:56:25

Health: -8/213     AC: 37    Str: 40    XL:     23   Next: 84%
Magic:  20/50      EV: 13    Int: 19    God:    Cheibriados [****..]
Gold:   5403       SH: 19    Dex: 28    Spells: 1 memorised, 21 levels left

rFire  + + +     SeeInvis .     A - +9 trident of Usinig {pierce, rElec rPois Dex-4}
rCold  + + +     Clarity  .     K - +8 fire dragon armour
rNeg   + . .     SustAt   .     i - +0 shield {reflect}
rPois  +         Gourm    .     (helmet unavailable)
rElec  +         Spirit   .     t - +2 cloak "Qievyaf" {rC+ Dex+4 Slay+2}
rCorr  +         Warding  +     r - +2 pair of gloves of Hotutib {MR++ rCorr}
rMut   .         Stasis   .     O - +0 pair of boots of Patience {MP+9 Dex+5}
MR     +++++                    q - brooch of Shielding {Ward rN+ AC+4 EV+4}
Stlth  +.........               e - ring of the Moon {+Inv rC+ MP+9 Str+3}
                                m - ring "Joduf" {rElec rC+ MR+++ Str+3 Stlth+}

@: resistant, very slightly contaminated, very heavily drained, very slow,
almost entirely resistant to hostile enchantments, very unstealthy
A: horns 3, large bone plates 3, powered by death 3, spiny 3, augmentation 1
a: Bend Time, Temporal Distortion, Slouch, Renounce Religion, Evoke Invisibility
}: 3/15 runes: serpentine, barnacled, silver


You were on level 3 of the Tomb of the Ancients.
You worshipped Cheibriados.
Cheibriados was greatly pleased with you.
You were not hungry.

You visited 10 branches of the dungeon, and saw 50 of its levels.
You also visited: Bailey and Ice Cave.

You collected 6193 gold pieces.
You spent 790 gold pieces at shops.

Inventory:

Hand weapons
 A - the +9 trident of Usinig (weapon) {pierce, rElec rPois Dex-4}
   (You acquired it on level 3 of the Shoals)

   It inflicts extra damage upon your enemies.
   It affects your dexterity (-4).
   It insulates you from electricity.
   It protects you from poison.
Armour
 i - a +0 shield of reflection (worn)
 r - the +2 pair of gloves of Hotutib (worn) {MR++ rCorr}
   (You bought it in a shop on level 11 of the Dungeon)

   It affects your resistance to hostile enchantments.
   It protects you from acid and corrosion.
 t - the +2 cloak "Qievyaf" (worn) {rC+ Dex+4 Slay+2}
   (You bought it in a shop on level 11 of the Dungeon)

   It affects your dexterity (+4).
   It affects your accuracy and damage with ranged weapons and melee attacks
   (+2).
   It protects you from cold.
 K - a +8 fire dragon armour (worn)
 O - the +0 pair of boots of Patience (worn) {MP+9 Dex+5}
   (You bought it in a shop on level 4 of the Orcish Mines)

   It affects your dexterity (+5).
   It affects your magic capacity (+9).
Jewellery
 e - the ring of the Moon (right hand) {+Inv rC+ MP+9 Str+3}
   (You took it off a deep elf fighter on level 1 of the Elven Halls)

   [ring of magical power]

   It affects your strength (+3).
   It protects you from cold.
   It affects your magic capacity (+9).
   It lets you turn invisible.
 m - the ring "Joduf" (left hand) {rElec rC+ MR+++ Str+3 Stlth+}
   (You found it on level 12 of the Dungeon)

   [ring of strength]

   It affects your strength (+3).
   It protects you from cold.
   It insulates you from electricity.
   It affects your resistance to hostile enchantments.
   It makes you more stealthy.
 q - the brooch of Shielding (around neck) {Ward rN+ AC+4 EV+4}
   (You found it in a bailey)

   [amulet of warding]

   It may prevent the melee attacks of summoned creatures.
   It affects your AC (+4).
   It affects your evasion (+4).
   It protects you from negative energy.
 S - the amulet of Qememm {Clar Dex+3}
   (You found it on level 5 of the Vaults)

   [amulet of clarity]

   It provides mental clarity.
   It affects your dexterity (+3).
Magical devices
 c - a wand of disintegration (15)
 B - a wand of disintegration (19)
 H - a wand of disintegration (11)
 V - a wand of disintegration (9)
Scrolls
 g - a scroll of enchant armour
 h - 14 scrolls of remove curse
 j - 5 scrolls of teleportation
 k - 4 scrolls of enchant weapon
 n - 10 scrolls of fear
 x - 2 scrolls of summoning
 y - 10 scrolls of fog
 D - 11 scrolls of recharging
 E - 9 scrolls of magic mapping
 J - 8 scrolls of blinking
 U - 4 scrolls of amnesia
 X - 9 scrolls of identify
Potions
 a - a potion of resistance
 b - 9 potions of brilliance
 f - 10 potions of curing
 l - 8 potions of flight
 v - a potion of magic
 z - 8 potions of agility
 G - 2 potions of degeneration {unknown}
 N - 4 potions of might
 Q - 2 potions of cancellation
Books
 L - a book of Spatial Translocations

   Spells                             Type                      Level
   a - Apportation                    Translocation                1
   b - Blink                          Translocation                2
   c - Shroud of Golubria             Charms/Translocation         2
   d - Portal Projectile              Translocation                3
   e - Teleport Other                 Translocation                3
   f - Passage of Golubria            Translocation                4
 Z - a book of Enchantments

   Spells                             Type                      Level
   a - Cause Fear                     Hexes                        4
   b - Silence                        Hexes/Air                    5
   c - Deflect Missiles               Charms/Air                   6
   d - Haste                          Charms                       6
   e - Discord                        Hexes                        8
Miscellaneous
 d - a legendary deck of wonders
 p - an ornate deck of war
 F - a legendary deck of summoning
Comestibles
 o - 2 beef jerkies
 s - 24 fruits
 u - 14 meat rations
 w - 8 slices of pizza
 C - 19 bread rations
 R - 10 royal jellies


   Skills:
 + Level 25.3(17.7) Fighting
   Level 6.4(5.5) Axes
 - Level 14.0(8.3) Polearms
 - Level 2.0(0.0) Throwing
 + Level 19.7(12.8) Armour
 - Level 3.1(0.0) Dodging
 - Level 16.0(9.7) Shields
 - Level 12.0(6.2) Invocations


You had 21 spell levels left.
You knew the following spells:

 Your Spells              Type           Power        Failure   Level  Hunger
a - Summon Butterflies    Summ           #.......     71%         1    ##.....


Dungeon Overview and Level Annotations

Branches:
Dungeon (15/15)            Temple (1/1) D:5            Lair (8/8) D:11
 Shoals (4/4) Lair:4        Snake (4/4) Lair:3        Slime (0/6) Lair:8
    Orc (4/4) D:12            Elf (3/3) Orc:4        Vaults (5/5) D:14
  Crypt (3/3) Vaults:2       Tomb (3/3) Crypt:3      Depths (0/5) D:15

Altars:
Ashenzari
Cheibriados
Dithmenos
Elyvilon
Fedhas
Gozag
Kikubaaqudgha
Makhleb
Nemelex Xobeh
Okawaru
Qazlal
Ru
Sif Muna
Trog
Vehumet
Xom
Yredelemnul
Zin
The Shining One
Beogh
Jiyva

Shops:
D:8 :   D:10 (   D:11 [   D:14 (   Orc:4 }[[:   Elf:1 ?=(   Shoals:1 ?
Vaults:1 !   Vaults:2 :   Vaults:3 *?[:   Vaults:4 !

Annotations:
Shoals:4 Ilsuiw
Vaults:4 Mennas


Innate Abilities, Weirdness & Mutations

You have a pair of large horns on your head.
You are completely covered in large bone plates (AC +4, SH +4).
You regenerate a lot of health from kills.
You are completely covered in sharp spines.
Your magical and physical power is slightly enhanced at high health.


Message History

The bolt of negative energy misses you.
The anubis guard howls a hunting cry! x2
A flying skull comes into view.
Drink which item? (? for menu, Esc to quit)
You feel better.
The flying skull is struck by your spines.
You destroy the flying skull!
Cheibriados appreciates the change of pace.
The skeletal warrior barely misses you.
The anubis guard breathes negative energy at you.
The bolt of negative energy misses the anubis guard.
The bolt of negative energy hits you! You partially resist.
You feel drained.
* * * LOW HITPOINT WARNING * * *
The bolt of negative energy hits the anubis guard.
The anubis guard completely resists.
You block the anubis guard's attack. The anubis guard closely misses you.
The anubis guard howls a hunting cry!
The anubis guard breathes negative energy at you.
The bolt of negative energy hits you! You partially resist.
You feel drained.
You die...

########
#...<..#
#..<...#
#.HH<..#
#HM@H..#
#MHHH..#
#.HzHH.#
#.zHH..#


#HzHMM.# #3HMz.M# #..z8zz# #MHM3..# You could see 2 greater mummies, an ancient
champion, 2 mummy priests, a skeletal warrior, an ice devil, 16 anubis guards, 4
guardian mummies, an ushabti, a neqoxec and 5 flying skulls.

Vanquished Creatures
  3 ancient liches
  A greater mummy (Tomb:1)
  2 golden dragons (Vaults:5)
  A profane servitor (Crypt:3)
  A bone dragon (Crypt:3)
  Rupert (D:12)
  3 tentacled monstrosities
  4 titans (Vaults:5)
  Polyphemus (Shoals:3)
  3 liches
  3 tengu reavers (Vaults:5)
  6 sphinxes
  Gastronok (D:8)
  2 ancient champions
  A shadow dragon (Vaults:5)
  4 storm dragons
  2 large abominations
  The ghost of ololoev the Fencer, a mighty HEFi of Makhleb (Crypt:1)
  Roxanne (Snake:3)
  11 greater nagas
  A fire giant (Vaults:5)
  The ghost of derrpe the Frost Mage, a mighty HuCj of Ashenzari (Snake:1)
  Donald (Vaults:2)
  2 iron dragons (Vaults:5)
  7 revenants
  2 deep elf sorcerers
  Maud (Orc:3)
  3 frost giants
  3 orc warlords
  Aizul (Snake:3)
  Louise (Snake:2)
  14 vault wardens
  2 curse skulls (Crypt:1)
  5 ghouls
  6 ironheart preservers
  8 very ugly things
  A war gargoyle (Vaults:4)
  A reaper (Crypt:1)
  A vampire knight (Crypt:3)
  8 stone giants
  2 salamander stormcallers
  Azrael (D:14)
  26 vault guards
  4 deep elf death magi
  2 merfolk impalers
  7 ettins
  2 fire dragons
  3 deep elf high priests
  5 merfolk javelineers
  2 great orbs of eyes (Vaults:3)
  14 jiangshi
  10 mummy priests (Tomb:1)
  3 rakshasas
  A fire dragon (shapeshifter) (Vaults:5)
  3 yaktaur captains
  A quicksilver dragon skeleton (Crypt:3)
  An ice dragon (Vaults:4)
  24 naga warriors
  4 catoblepae
  7 hydras
  3 centaur warriors
  7 merfolk avatars
  Erica (Lair:1)
  Erolcha (D:13)
  2 alligator snapping turtles (Shoals:4)
  6 merfolk aquamancers
  4 death knights
  9 anacondas
  10 dancing weapons
  7 death yaks
  3 shock serpents
  6 orc high priests (Orc:4)
  21 naga sharpshooters
  3 soul eaters
  11 ogre magi
  6 hell knights
  2 vampire magi
  2 salamander mystics
  2 fire crabs
  4 death scarabs (Tomb:1)
  A titan skeleton (Tomb:1)
  32 skeletal warriors
  6 deep elf summoners
  8 deep elf knights
  10 naga ritualists
  4 shadow wraiths
  A death drake (shapeshifter) (D:15)
  5 deep trolls
  7 sea snakes
  7 flayed ghosts
  A giant orange brain (Vaults:4)
  2 unseen horrors (D:10)
  5 ice statues (IceCv)
  2 anaconda skeletons (Crypt:2)
  14 phantasmal warriors
  18 orc knights
  A golden dragon skeleton (Vaults:5)
  2 lindwurms (Lair:8)
  7 hill giants
  A wolf spider zombie (Vaults:1)
  A sphinx zombie (Vaults:1)
  6 orc sorcerers
  56 ugly things
  2 hornets (shapeshifter) (Vaults:4)
  7 necromancers
  5 fauns
  9 mana vipers
  9 deep elf conjurers
  9 cyclopes
  23 harpies
  18 griffons
  A human zombie (Vaults:1)
  6 wolf spiders
  A shadow dragon skeleton (Crypt:1)
  3 wizards (D:14)
  A frost giant zombie (Tomb:1)
  27 slime creatures
  14 ironbrand convokers
  3 hornets (Vaults:4)
  9 anubis guards
  2 orb spiders (shapeshifter)
  11 manticores
  7 water nymphs
  2 centaur zombies
  An iron dragon skeleton (Crypt:3)
  12 salamanders
  An elf zombie (Vaults:5)
  14 spiny frogs
  31 naga magi
  Joseph (D:8)
  6 sirens
  10 elephants
  6 guardian serpents
  10 vault sentinels
  A stone giant skeleton (Crypt:1)
  50 black mambas
  A torpor snail (Lair:3)
  17 komodo dragons
  A redback zombie (D:15)
  4 centaur skeletons
  A catoblepas zombie (Crypt:2)
  A yaktaur zombie (Vaults:1)
  2 efreet
  A spiny frog (shapeshifter) (D:15)
  2 kobold demonologists (Vaults:3)
  A golden dragon simulacrum (Crypt:1)
  35 yaktaurs
  9 fire drakes
  4 freezing wraiths
  7 guardian mummies
  2 harpy zombies
  A hydra zombie (Crypt:1)
  11 deep elf priests
  A jumping spider (Vaults:4)
  5 blue devils (IceCv)
  A polar bear (Lair:5)
  A queen bee (D:10)
  7 trolls
  29 merfolk
  3 tengu conjurers
  5 wind drakes
  A guardian serpent zombie (Crypt:1)
  A blink frog (shapeshifter) (Vaults:3)
  2 bog bodies (Crypt:1)
  3 ushabtiu (Tomb:1)
  A frost giant simulacrum (Vaults:5)
  A jumping spider zombie (Crypt:2)
  7 snapping turtles
  23 two-headed ogres
  7 boulder beetles
  A trapdoor spider zombie (Crypt:1)
  2 redbacks
  47 yaks
  24 blink frogs
  60 flying skulls
  26 deep elf fighters
  3 fire elementals (D:14)
  A fire bat (shapeshifter) (Vaults:5)
  7 wyverns
  4 shadows
  8 wraiths
  18 humans (D:14)
  7 water elementals
  3 hungry ghosts
  12 wargs
  3 steam dragons
  A black mamba skeleton (Crypt:1)
  7 basilisks
  14 deep elf magi
  A vampire (Crypt:2)
  8 vampire mosquitoes
  2 harpy simulacra (Crypt:1)
  19 wolves
  8 mottled dragons
  8 hell hounds (D:14)
  29 hippogriffs
  56 nagas
  7 porcupines
  A deep troll skeleton (Crypt:2)
  A merfolk skeleton (Crypt:1)
  16 water moccasins
  2 swamp drakes (Lair:8)
  58 ogres
  3 phantoms
  3 black bears
  8 necrophages
  83 orc warriors
  4 ice beasts
  3 sky beasts
  A torpor snail zombie (Crypt:2)
  22 crocodiles
  20 centaurs
  A black mamba simulacrum (Crypt:2)
  3 big kobolds
  A gnoll sergeant (D:12)
  2 yaktaur skeletons
  An elf skeleton (Crypt:2)
  A komodo dragon skeleton (Crypt:1)
  5 scorpions
  19 giant frogs
  A troll zombie (D:12)
  A boulder beetle zombie (Crypt:1)
  43 killer bees
  28 wights
  A polar bear skeleton (Crypt:1)
  An electric eel (D:10)
  A human simulacrum (Vaults:1)
  A giant frog zombie (D:11)
  9 crimson imps
  2 draconian simulacra (IceCv)
  6 hounds
  9 jellies
  A quasit (D:9)
  45 orc priests
  3 giant frog skeletons
  13 iguanas
  60 orc wizards
  8 worker ants
  2 killer bee zombies
  38 sheep
  2 troll simulacra (IceCv)
  A big kobold zombie (Crypt:1)
  7 ogre zombies (D:12)
  2 centaur simulacra (IceCv)
  A small abomination (Crypt:3)
  A crocodile skeleton (Crypt:2)
  13 mummies
  Robin (D:3)
  41 river rats
  12 adders
  2 ogre simulacra (IceCv)
  4 gnolls
  3 shadow imps
  4 white imps
  A worker ant simulacrum (D:10)
  2 oozes (D:2)
  2 adder skeletons
  3 adder zombies
  2 worms (D:2)
  An adder simulacrum (D:10)
  A sheep skeleton (Crypt:2)
  6 giant geckos
  336 orcs
  A bat skeleton (Crypt:1)
  9 giant cockroaches
  A gnoll zombie (Crypt:2)
  14 goblins
  16 hobgoblins
  3 jackals (D:1)
  19 kobolds
  A quokka (D:4)
  2 ball pythons
  9 bats
  5 giant newts
  A goblin skeleton (D:12)
  5 goblin zombies (D:12)
  3 hobgoblin skeletons
  2 hobgoblin zombies (D:12)
  6 orc skeletons (D:12)
  9 orc zombies (D:12)
  A quokka zombie (D:9)
  8 rats
  A plant (Shoals:2)
2541 creatures vanquished.

Vanquished Creatures (others)
  A greater mummy (Tomb:2)
  A tengu reaver (Vaults:5)
  A vault warden (Vaults:1)
  A stone giant (Vaults:2)
  A yaktaur captain (Vaults:5)
  5 death scarabs (Tomb:2)
  A frost giant skeleton (Tomb:2)
  6 yaktaurs
  A deep elf mage (Elf:1)
  A deep elf fighter (Vaults:1)
  A naga (Snake:2)
  A water moccasin (Lair:7)
  An ogre (Vaults:5)
  2 orc warriors
  A centaur (Vaults:1)
  A tengu zombie (Tomb:2)
  3 mummies (Tomb:2)
  A shadow imp (D:15)
  3 orcs
  16 fungi
  4 lost souls
  74 plants
127 creatures vanquished.

Grand Total: 2668 creatures vanquished

Notes
Turn   | Place    | Note
--------------------------------------------------------------
     0 | D:1      | Goresteps the Demonspawn Gladiator began the quest for the Orb.
     0 | D:1      | Reached XP level 1. HP: 16/16 MP: 1/1
    65 | D:1      | Gained mutation: You have a pair of small horns on your head. [demonic ancestry]
    65 | D:1      | Reached XP level 2. HP: 8/22 MP: 2/2
   354 | D:1      | Reached skill level 3 in Dodging
   635 | D:1      | Gained mutation: You regenerate a little health from kills. [demonic ancestry]
   635 | D:1      | Reached XP level 3. HP: 12/27 MP: 3/3
  1583 | D:2      | Found a sacrificial altar of Ru.
  1709 | D:2      | Reached XP level 4. HP: 13/33 MP: 4/4
  1804 | D:2      | Reached skill level 4 in Axes
  2484 | D:3      | Noticed Robin
  2527 | D:3      | Gained mutation: You have a pair of horns on your head. [demonic ancestry]
  2527 | D:3      | Reached XP level 5. HP: 33/38 MP: 5/5
  2539 | D:3      | Killed Robin
  2539 | D:3      | Reached skill level 5 in Axes
  2929 | D:4      | Gained mutation: You have a pair of large horns on your head. [demonic ancestry]
  2929 | D:4      | Reached XP level 6. HP: 22/44 MP: 6/6
  3383 | D:4      | Noticed a phantom
  3390 | D:4      | Killed a phantom
  3390 | D:4      | Reached skill level 6 in Axes
  3521 | D:4      | Noticed an ogre
  3545 | D:4      | Got a pitted spear
  3546 | D:4      | Identified the +2 spear "Daklis" {venom, +Blink rN+ MP+9 Stlth+} (You found it on level 4 of the Dungeon)
  3592 | D:4      | Killed an ogre
  3592 | D:4      | Gained mutation: You are partially covered in large bone plates (AC +2, SH +2). [demonic ancestry]
  3592 | D:4      | Reached XP level 7. HP: 50/50 MP: 7/7
  3687 | D:5      | Entered Level 5 of the Dungeon
  3828 | D:5      | Found a staircase to the Ecumenical Temple.
  3837 | Temple   | Entered the Ecumenical Temple
  4103 | Temple   | Became a worshipper of Cheibriados the Contemplative
  4156 | D:5      | You fall through a shaft for 3 floors!
  4174 | D:8      | Noticed Gastronok
  4211 | D:8      | Killed Gastronok
  4211 | D:8      | Reached skill level 9 in Polearms
  4211 | D:8      | Gained mutation: You regenerate health from kills. [demonic ancestry]
  4211 | D:8      | Reached XP level 8. HP: 22/56 MP: 8/8
  4211 | D:8      | Reached XP level 9. HP: 23/61 MP: 9/9
  4423 | D:8      | Found Ulutsorph's Book Shoppe.
  4491 | D:8      | Found a blossoming altar of Fedhas.
  4493 | D:8      | Found a shattered altar of Ashenzari.
  4493 | D:8      | Found a burning altar of Makhleb.
  4494 | D:8      | Found a glowing silver altar of Zin.
  4496 | D:8      | Found a white marble altar of Elyvilon.
  4615 | D:8      | Acquired Cheibriados's first power
  4615 | D:8      | Reached skill level 10 in Polearms
  5056 | D:7      | Found a radiant altar of Vehumet.
  5417 | D:6      | Reached skill level 11 in Polearms
  6256 | D:8      | Noticed Joseph
  6277 | D:8      | Killed Joseph
  6277 | D:8      | Reached XP level 10. HP: 57/67 MP: 10/10
  6447 | D:8      | Reached skill level 1 in Armour
  6454 | D:8      | Acquired Cheibriados's second power
  6954 | D:9      | Acquired Cheibriados's third power
  7283 | D:10     | Entered Level 10 of the Dungeon
  7305 | D:9      | Reached skill level 5 in Fighting
  7485 | D:10     | Found Irimeil's Antique Weapon Emporium.
  7598 | D:10     | Reached skill level 5 in Armour
  7783 | D:10     | Killed an unseen horror
  7783 | D:10     | Acquired Cheibriados's fourth power
  7845 | D:10     | Reached XP level 11. HP: 77/83 MP: 11/11
  8128 | D:10     | Noticed a hill giant
  8140 | D:10     | Killed a hill giant
  8378 | D:11     | Found Zoto's Antique Armour Shop.
  8387 | D:11     | Bought a pair of dazzling gloves for 285 gold pieces
  8387 | D:11     | Bought a faintly glowing cloak for 285 gold pieces
  8392 | D:11     | Identified the +2 pair of gloves of Hotutib {MR++ rCorr} (You bought it in a shop on level 11 of the Dungeon)
  8402 | D:11     | Identified the +2 cloak "Qievyaf" {rC+ Dex+4 Slay+2} (You bought it in a shop on level 11 of the Dungeon)
  8778 | D:11     | Found a staircase to the Lair.
  8797 | Lair:1   | Entered Level 1 of the Lair of Beasts
  8797 | Lair:1   | Found a frozen archway.
  8811 | IceCv    | Entered an ice cave
  8834 | IceCv    | Noticed an ice statue
  8834 | IceCv    | Noticed an ice statue
  8857 | IceCv    | Killed an ice statue
  8884 | IceCv    | Killed an ice statue
  8945 | IceCv    | Noticed an ice statue
  8947 | IceCv    | Noticed an ice statue
  8988 | IceCv    | Noticed an ice statue
  9003 | IceCv    | Killed an ice statue
  9007 | IceCv    | Noticed a necromancer
  9019 | IceCv    | Killed a necromancer
  9092 | IceCv    | Killed an ice statue
  9166 | IceCv    | Killed an ice statue
  9496 | Lair:1   | Reached XP level 12. HP: 85/97 MP: 12/12
  9500 | Lair:1   | Found a burning altar of Makhleb.
  9569 | Lair:1   | Noticed Erica
  9579 | Lair:1   | Killed Erica
  9579 | Lair:1   | Reached skill level 10 in Fighting
  9627 | Lair:1   | Reached skill level 1 in Invocations
  9751 | Lair:1   | Reached skill level 5 in Invocations
  9820 | Lair:1   | Noticed a four-headed hydra
  9836 | Lair:1   | Killed a four-headed hydra
 10293 | Lair:2   | Reached skill level 10 in Invocations
 10521 | Lair:2   | Noticed a five-headed hydra
 10531 | Lair:2   | Killed a five-headed hydra
 10563 | Lair:2   | Got a shimmering amber ring
 10565 | Lair:2   | Identified the ring "Avaycidgh" {Fire MP+9 Str+6 Int-2 Dex-3} (You found it on level 2 of the Lair of Beasts)
 10700 | Lair:3   | Noticed a six-headed hydra
 10710 | Lair:3   | Killed a six-headed hydra
 10988 | Lair:3   | Reached skill level 12 in Invocations
 11062 | Lair:3   | Found a staircase to the Snake Pit.
 11095 | Snake:1  | Entered Level 1 of the Snake Pit
 11121 | Snake:1  | Gained mutation: You are partially covered in sharp spines. [demonic ancestry]
 11121 | Snake:1  | Reached XP level 13. HP: 103/103 MP: 22/22
 11146 | Snake:1  | Got an ichor-stained flail
 11147 | Snake:1  | Identified the +1 flail "Qoex Pedghu" {venom, -Tele Int+7} (You found it on level 1 of the Snake Pit)
 11188 | Snake:1  | Noticed an anaconda
 11193 | Snake:1  | Killed an anaconda
 11228 | Snake:1  | Noticed derrpe's ghost (mighty HuCj)
 12053 | Lair:4   | Reached skill level 10 in Armour
 12470 | Lair:4   | Found a staircase to the Shoals.
 13952 | Lair:6   | Reached XP level 14. HP: 116/116 MP: 23/23
 14058 | Lair:7   | You fall through a shaft!
 14058 | Lair:8   | Entered Level 8 of the Lair of Beasts
 14116 | Lair:8   | Learned a level 1 spell: Summon Butterflies
 14444 | Lair:8   | Reached skill level 13 in Fighting
 14546 | Lair:8   | Found a staircase to the Slime Pits.
 14547 | Lair:8   | Found a viscous altar of Jiyva.
 14838 | Lair:8   | Got a smoking great sword
 14839 | Lair:8   | Identified the cursed +1 great sword "Sumnelaucw" {slice, rElec rPois Stlth-} (You found it on level 8 of the Lair of Beasts)
 15227 | Lair:7   | Found a glowing silver altar of Zin.
 15847 | D:11     | Noticed a rakshasa
 15853 | D:11     | Noticed a hill giant
 15866 | D:11     | Killed a rakshasa
 15866 | D:11     | Reached skill level 1 in Shields
 15873 | D:11     | Killed a hill giant
 16120 | D:11     | Identified a scroll of acquirement
 16637 | D:10     | Killed an unseen horror
 17270 | D:12     | Reached skill level 14 in Fighting
 17285 | D:12     | Found a staircase to the Orcish Mines.
 17335 | D:12     | Noticed Rupert
 17351 | D:12     | Killed Rupert
 17401 | D:12     | Gained mutation: You are mostly covered in large bone plates (AC +3, SH +3). [demonic ancestry]
 17401 | D:12     | Reached XP level 15. HP: 126/126 MP: 21/24
 17572 | Orc:1    | Entered Level 1 of the Orcish Mines
 17850 | Orc:1    | Found a roughly hewn altar of Beogh.
 18378 | Orc:3    | Noticed Maud
 18388 | Orc:3    | Killed Maud
 18849 | Orc:4    | Entered Level 4 of the Orcish Mines
 19111 | Orc:4    | Found Toihoney's Book Emporium.
 19133 | Orc:4    | Found Bimumpepp's Armour Shoppe.
 19145 | Orc:4    | Bought the +0 pair of boots of Patience {MP+9 Dex+5} for 220 gold pieces
 19186 | Orc:4    | Found a roughly hewn altar of Beogh.
 19424 | Orc:4    | Got a scorched emerald amulet
 19426 | Orc:4    | Identified the amulet of Qiczis {Clar Str+2} (You took it off an orc on level 4 of the Orcish Mines)
 19778 | Orc:4    | Reached skill level 15 in Fighting
 19880 | Orc:4    | Found a staircase to the Elven Halls.
 19978 | Orc:4    | Found Keson's Armour Shoppe.
 20021 | Orc:4    | Found a roughly hewn altar of Beogh.
 20037 | Orc:4    | Found Sorafru's Gadget Emporium.
 20157 | Orc:4    | Gained mutation: Scrolls take you a little longer to read. [a neqoxec]
 21763 | D:12     | Got a steaming granite ring
 21766 | D:12     | Identified the ring "Joduf" {rElec rC+ MR+++ Str+3 Stlth+} (You found it on level 12 of the Dungeon)
 21816 | D:13     | Noticed Erolcha
 21826 | D:13     | Killed Erolcha
 21828 | D:13     | Gained mutation: You passively map a small area around you. [potion of mutation]
 21828 | D:13     | Gained mutation: Your mind is acute. (Int +2) [potion of mutation]
 21828 | D:13     | Lost mutation: Your mind is acute. (Int +2) [potion of mutation]
 21961 | D:13     | Found a flagged portal.
 21999 | Bailey   | Entered a bailey
 22125 | Bailey   | Got a bloodstained ring mail
 22136 | Bailey   | Identified the +5 ring mail "Ofuiwex" {rElec rF+ Dex+4 Stlth-} (You found it in a bailey)
 22328 | D:14     | Found Qudoxac's Antique Weapon Shoppe.
 22570 | D:14     | Reached skill level 16 in Fighting
 22570 | D:14     | Reached XP level 16. HP: 136/138 MP: 24/25
 22718 | D:14     | Noticed Azrael
 22723 | D:14     | Killed Azrael
 22763 | D:14     | Reached skill level 15 in Armour
 22879 | D:14     | Found a gate to the Vaults.
 23561 | D:14     | Got a scorched plate armour
 23564 | D:14     | Identified the +2 plate armour of Xowniar {Stlth+} (You found it on level 14 of the Dungeon)
 23845 | D:15     | Entered Level 15 of the Dungeon
 23956 | D:15     | Gained mutation: Your flesh is cold resistant. [mutagenic meat]
 23978 | D:15     | Found a staircase to the Depths.
 24040 | D:15     | Gained mutation: You have an increased reservoir of magic (+10% MP). [mutagenic meat]
 24041 | D:15     | Gained mutation: You can translocate small distances at will. [mutagenic meat]
 24042 | D:15     | Gained mutation: You occasionally shout uncontrollably at your foes. [mutagenic meat]
 24119 | D:15     | Found a deep blue altar of Sif Muna.
 24386 | D:15     | Reached skill level 17 in Fighting
 26286 | Lair:5   | Got a pitted silver amulet
 26307 | Lair:5   | Identified the amulet of Riomm {Inacc *Drain rC+ rN+++ Int+3} (You found it on level 5 of the Lair of Beasts)
 26430 | Snake:1  | Killed derrpe's ghost
 26757 | Snake:1  | Noticed a naga warrior
 26784 | Snake:1  | Killed a naga warrior
 26828 | Snake:1  | Noticed a naga warrior
 26832 | Snake:1  | Noticed a greater naga
 26837 | Snake:1  | Killed a naga warrior
 26841 | Snake:1  | Killed a greater naga
 26841 | Snake:1  | Gained mutation: You regenerate a lot of health from kills. [demonic ancestry]
 26841 | Snake:1  | Reached XP level 17. HP: 119/148 MP: 28/28
 27120 | Snake:1  | Noticed a naga warrior
 27128 | Snake:1  | Killed a naga warrior
 27171 | Snake:1  | Noticed a naga warrior
 27176 | Snake:1  | Noticed an anaconda
 27180 | Snake:1  | Killed a naga warrior
 27183 | Snake:1  | Killed an anaconda
 27253 | Snake:1  | Noticed a naga warrior
 27261 | Snake:1  | Killed a naga warrior
 27642 | Snake:2  | Reached skill level 18 in Fighting
 27740 | Snake:2  | Found a sacrificial altar of Ru.
 27947 | Snake:2  | Noticed Louise
 27964 | Snake:2  | Killed Louise
 28556 | Snake:3  | Noticed Roxanne
 28622 | Snake:3  | Killed Roxanne
 28626 | Snake:3  | Identified Roxanne's Grimoire of Venomous Shape Shifting (You took it off Roxanne on level 3 of the Snake Pit)
 28858 | Snake:3  | Noticed Aizul
 28866 | Snake:3  | Killed Aizul
 29186 | Snake:4  | Entered Level 4 of the Snake Pit
 29355 | Snake:4  | Reached skill level 19 in Fighting
 29355 | Snake:4  | Gained mutation: You are completely covered in large bone plates (AC +4, SH +4). [demonic ancestry]
 29355 | Snake:4  | Reached XP level 18. HP: 121/160 MP: 29/29
 29578 | Snake:4  | Got a serpentine rune of Zot
 30368 | Shoals:1 | Entered Level 1 of the Shoals
 30443 | Shoals:1 | Found Tourethro's Magic Scroll Shoppe.
 30786 | Shoals:1 | Reached skill level 20 in Fighting
 31012 | Shoals:2 | Got a translucent scale mail
 31015 | Shoals:2 | Identified the +1 scale mail of Kikubaaqudgha's Fury {rC+} (You found it on level 2 of the Shoals)
 31379 | Shoals:3 | Noticed Polyphemus
 31396 | Shoals:3 | Killed Polyphemus
 31396 | Shoals:3 | Reached XP level 19. HP: 156/169 MP: 30/30
 31949 | Shoals:3 | Got a scorched trident
 31977 | Shoals:4 | Entered Level 4 of the Shoals
 32022 | Shoals:4 | Got a barnacled rune of Zot
 32201 | Shoals:4 | Lost mutation: Your flesh is cold resistant. [potion of cure mutation]
 32201 | Shoals:4 | Lost mutation: You passively map a small area around you. [potion of cure mutation]
 32201 | Shoals:4 | Lost mutation: You occasionally shout uncontrollably at your foes. [potion of cure mutation]
 32337 | Shoals:4 | Noticed Ilsuiw
 32930 | Elf:1    | Entered Level 1 of the Elven Halls
 32935 | Elf:1    | Found Saylegudi's Book Emporium.
 33008 | Elf:1    | Found Feoheacw's Jewellery Shop.
 33195 | Elf:1    | Found Feanuwibb's Magic Scroll Emporium.
 33254 | Elf:1    | Found Equn Pamn's Antique Weapon Emporium.
 33480 | Elf:1    | Identified the +9 trident of Usinig {pierce, rElec rPois Dex-4} (You acquired it on level 3 of the Shoals)
 33494 | Elf:1    | Reached skill level 21 in Fighting
 33507 | Elf:1    | Got a warped marble ring
 34127 | Elf:2    | Found a huge runed gate.
 34128 | Elf:2    | Found a huge runed gate.
 34129 | Elf:2    | Found a huge runed gate.
 34131 | Elf:2    | Found a huge runed gate.
 34131 | Elf:2    | Found a huge runed gate.
 34247 | Elf:2    | Identified the ring of the Moon {+Inv rC+ MP+9 Str+3} (You took it off a deep elf fighter on level 1 of the Elven Halls)
 34399 | Elf:3    | Entered Level 3 of the Elven Halls
 34448 | Elf:3    | Lost mutation: Scrolls take you a little longer to read. [potion of cure mutation]
 34448 | Elf:3    | Lost mutation: You can translocate small distances at will. [potion of cure mutation]
 34448 | Elf:3    | Lost mutation: You have an increased reservoir of magic (+10% MP). [potion of cure mutation]
 34499 | Elf:3    | Noticed Mara
 34507 | Elf:3    | Noticed Goresteps's illusion
 34833 | Vaults:1 | Entered Level 1 of the Vaults
 35439 | Vaults:1 | Gained mutation: You are mostly covered in sharp spines. [demonic ancestry]
 35439 | Vaults:1 | Reached XP level 20. HP: 95/180 MP: 29/29
 35650 | Vaults:1 | Found Ucaisyu's Distillery.
 36224 | Vaults:2 | Found Lajown's Book Shop.
 36237 | Vaults:2 | Upgraded the game from 0.17-a0-1923-gc35365e to 0.17-a0-1939-ga475588
 36418 | Vaults:3 | Found Deucsok's General Store.
 36429 | Vaults:3 | Found Vurchuwne's Magic Scroll Shoppe.
 36636 | Vaults:3 | Reached skill level 5 in Shields
 36794 | Vaults:3 | Found Huetus Zua's Armour Shop.
 37749 | Vaults:4 | Got a faintly humming ring mail
 37750 | Vaults:4 | Identified the +4 ring mail "Muses" {rElec Str+4} (You found it on level 4 of the Vaults)
 37823 | Vaults:4 | Reached skill level 22 in Fighting
 38125 | Vaults:4 | Gained mutation: You are completely covered in sharp spines. [demonic ancestry]
 38125 | Vaults:4 | Reached XP level 21. HP: 181/189 MP: 30/30
 38404 | Vaults:4 | Found Giggeum's Distillery.
 38404 | Vaults:4 | Noticed Mennas
 38525 | Vaults:3 | Found Cojygog's Book Shoppe.
 38870 | Vaults:5 | Entered Level 5 of the Vaults
 38966 | Vaults:5 | Reached skill level 10 in Shields
 39300 | Vaults:5 | Identified the Papyrus of Ashen Evil
 39524 | Vaults:5 | Reached skill level 23 in Fighting
 39862 | Vaults:5 | Got a steaming trident {pierce}
 39863 | Vaults:5 | Identified the +9 trident of the Puffin {pierce, *Noise rF+ rN+ Int+9} (You took it off a vault guard on level 5 of the Vaults)
 39882 | Vaults:5 | Gained mutation: Your magical and physical power is slightly enhanced at high health. [demonic ancestry]
 39882 | Vaults:5 | Reached XP level 22. HP: 166/200 MP: 31/31
 40020 | Vaults:5 | Identified the Collected Works on Damaging Feathers
 40109 | Vaults:5 | Got a silver rune of Zot
 40114 | Vaults:5 | Got a bound silver amulet
 40122 | Vaults:5 | Identified the amulet of Qememm {Clar Dex+3} (You found it on level 5 of the Vaults)
 40135 | Vaults:5 | Got an ichor-stained demon whip
 40136 | Vaults:5 | Identified the +1 demon whip of Valuable Assets {flame, rPois rF- Str+4 Dex-5} (You found it on level 5 of the Vaults)
 40663 | Vaults:2 | Found a staircase to the Crypt.
 40663 | Vaults:2 | Found a basalt altar of Yredelemnul.
 40663 | Vaults:2 | Found an ancient bone altar of Kikubaaqudgha.
 40663 | Vaults:2 | Noticed Donald
 40670 | Vaults:2 | Killed Donald
 40757 | Crypt:1  | Entered Level 1 of the Crypt
 41044 | Crypt:1  | Noticed ololoev's ghost (mighty HEFi)
 41057 | Crypt:1  | Killed ololoev's ghost
 41917 | Crypt:2  | Upgraded the game from 0.17-a0-1939-ga475588 to 0.17-a0-1945-gfe993df
 41921 | Crypt:2  | Reached skill level 24 in Fighting
 42718 | Crypt:3  | Entered Level 3 of the Crypt
 42874 | Crypt:3  | Found a basalt altar of Yredelemnul.
 42986 | Crypt:3  | Reached XP level 23. HP: 204/211 MP: 32/32
 43176 | Crypt:3  | Found a staircase to the Tomb.
 43176 | Crypt:3  | Noticed an ancient lich
 43188 | Crypt:3  | Killed an ancient lich
 43585 | Crypt:3  | Reached skill level 15 in Shields
 43822 | Tomb:1   | Entered Level 1 of the Tomb of the Ancients
 44390 | Tomb:1   | Reached skill level 25 in Fighting
 44658 | Tomb:1   | Noticed an ancient lich
 44680 | Tomb:1   | Killed an ancient lich
 45018 | Tomb:2   | Noticed a greater mummy
 45018 | Tomb:2   | Noticed an ancient lich
 45021 | Tomb:2   | Noticed a greater mummy
 45022 | Tomb:2   | Noticed a greater mummy
 45389 | Tomb:1   | Killed a greater mummy
 45402 | Tomb:1   | Killed an ancient lich
 45700 | Tomb:2   | Killed a greater mummy
 45721 | Tomb:2   | HP: 10/213 [spectral iron dragon[a mummy priest] (1)]
 45724 | Tomb:3   | Entered Level 3 of the Tomb of the Ancients
 45736 | Tomb:3   | Noticed a greater mummy
 45737 | Tomb:3   | HP: 9/213 [anubis guard/bolt of negative energy (12)]
 45738 | Tomb:3   | Noticed a greater mummy
 45739 | Tomb:3   | Killed from afar by an anubis guard

Vault maps used:
D:1:      dpeg_arrival_simpleton_a, st_stairs_9
D:2:      nicolae_ru_path_of_blood
D:3:      uniq_robin
D:4:      minmay_joined_circles
D:5:      minmay_temple_entry_junction, first_bread
D:7:      vehumet_altar_wand_db
D:8:      minitemple, serial_shops, nicolae_shop_behind_doors, uniq_gastronok,
          uniq_joseph
D:10:     serial_ice, serial_ice_d, serial_ice_i, serial_ice_b, serial_ice_c,
          serial_shops, shop, special_room
D:11:     lair_0_dummy, serial_shops, shop
D:12:     zombieorc2_lemuel, uniq_rupert
D:13:     enter_bailey_2, uniq_erolcha
D:14:     grunt_vaults_entry_tiered, serial_shops, shop, nicolae_benzene_ring,
          grunt_pizzeria, kennysheep_generic_room_9, uniq_azrael
D:15:     hangedman_depths_entry_try_elsewhere_first, tgw_sif,
          grunt_ministairs_6
Temple:   dpeg_five_rooms_temple_12
Lair:1:   portal_ice_cave_entry_pillars_01, basic_altar, lemuel_fruit_fields,
          grunt_megastairs_2, uniq_erica
Lair:2:   wad_woods_road_01, beast_lair_carwin_2, grunt_megastairs_3,
          serial_bayou_shore_a
Lair:3:   dummy_snake_entry
Lair:4:   elwin_shoals_entry_rooms
Lair:5:   bobbens_dragon_lair_wall
Lair:6:   grunt_forest_stairs_basic, serial_bayou_shore_b
Lair:7:   basic_altar, lemuel_fruit_tree, serial_bayou_shore_b,
          grunt_megastairs_4
Lair:8:   hangedman_lair_in_review, guppyfry_lair_end_dragon, slime_altar_1
Shoals:1: serial_shops, shop, shoals_oasis
Shoals:2: nicolae_shoals_arrival_archipelago
Shoals:3: uniq_polyphemus
Shoals:4: shoals_end_simple, shoals_ilsuiw_alternative
Snake:1:  nicolae_snake_hallway
Snake:2:  basic_altar, nicolae_snake_serpentine_hallways, uniq_louise
Snake:3:  uniq_roxanne, uniq_aizul
Snake:4:  snake_pit
Orc:1:    mines1_david
Orc:2:    serial_shops, nicolae_shop_temple_entry_statues_fountains
Orc:3:    nicolae_orc_pool_cavern, uniq_snorg, uniq_maud
Orc:4:    pubby_orc_utopia
Elf:1:    eino_elf_arrival_sip, serial_shops, nicolae_shop_behind_doors,
          nicolae_shop_statue_plus, shop, shop, kennysheep_underground_church
Elf:3:    elf_hall, serial_shops, nicolae_shop_trees, grunt_ministairs_10,
          uniq_mara
Vaults:1: hangedman_vaults_stretched_pinwheel, nicolae_vaults_little_squares_1,
          hangedman_vaults_impose, nicolae_vaults_theta, v_misc_28,
          nicolae_vaults_diagonal_hallway_7, grunt_vaults_swirl,
          vaults_mumra_hexcomb, hangedman_vaults_capsules,
          hangedman_vaults_restitches, serial_shops, shop
Vaults:2: ontoclasm_vaults_chip, v_misc_4, ontoclasm_vaults_eye, v_rooms_3,
          nicolae_vaults_little_squares_3, minmay_crypt_entry_necro_gods,
          v_misc_16, grunt_vaults_funnel, st_squares, v_misc_22, v_pattern_1,
          ontoclasm_vaults_twist, hangedman_vaults_corner_blocks, serial_shops,
          nicolae_shop_statue_plus, uniq_donald
Vaults:3: v_rooms_1, nicolae_vaults_mini_display_case, nicolae_vaults_triangles,
          vaults_room_door_hall, nicolae_vaults_twisting_passages,
          nicolae_vaults_diagonal_hallway_7, v_misc_8, ontoclasm_vaults_gallery,
          nicolae_vaults_windows_and_doors_thing,
          nicolae_vaults_little_squares_6, v_alt_pattern_4, v_alt_pattern_3,
          vaults_room_stairs_pillars, vaults_room_door_ring,
          grunt_vaults_hallway_short, hangedman_vaults_stretched_pinwheel,
          serial_shops, nicolae_shop_statue_plus, shop, shop, shop_fountains
Vaults:4: nicolae_vaults_little_squares_1, grunt_vaults_hallway_short,
          st_hourglassy, vaults_mumra_minichess, vaults_room_corners,
          hangedman_vaults_slither, nicolae_vaults_what_the_h,
          ontoclasm_vaults_misaligned, v_misc_2, hangedman_vaults_nails,
          v_misc_8, serial_shops, shop, uniq_mennas
Crypt:1:  minivault_14, grunt_crypt_arrival_split
Crypt:3:  grunt_crypt_end_deaths_head
Tomb:3:   uniq_jory, uniq_jorgrun, uniq_sojobo
Bailey:   bailey_polearm_4, bailey
IceCv:    ice_cave_tombish

Action                   |  1- 3 |  4- 6 |  7- 9 | 10-12 | 13-15 | 16-18 | 19-21 | 22-24 || total
-------------------------+-------+-------+-------+-------+-------+-------+-------+-------++-------
Melee: War axe           |   109 |   125 |       |       |       |       |       |       ||   234
       Spear             |       |    14 |   273 |   889 |   781 |       |       |       ||  1957
       Halberd           |       |       |       |       |   778 |  1405 |   382 |       ||  2565
       Trident           |       |       |       |       |       |       |  1296 |  1049 ||  2345
Invok: Slouch            |       |       |       |       |    15 |     3 |    10 |    13 ||    41
       Bend Time         |       |       |       |       |     2 |       |       |       ||     2
       Step From Time    |       |       |       |       |       |       |       |     2 ||     2
 Abil: Evoke Blink       |       |       |       |     1 |       |       |       |       ||     1
Evoke: Wand              |       |       |     8 |     2 |       |       |       |       ||    10
  Use: Scroll            |       |     6 |     8 |    16 |    13 |    10 |     9 |     8 ||    70
       Potion            |       |       |     5 |     3 |     6 |     1 |     4 |     7 ||    26
 Stab: Sleeping          |       |     1 |       |     3 |     9 |    11 |     6 |       ||    30
       Paralysed         |       |       |    12 |       |       |       |       |       ||    12
       Distracted        |       |       |       |     1 |     3 |    10 |       |     1 ||    15
  Eat: Chunk             |     2 |     2 |     6 |     6 |    13 |     5 |     9 |     1 ||    44
       Bread ration      |     1 |       |       |       |     1 |     1 |       |       ||     3
       Fruit             |       |       |     2 |     3 |     2 |       |     2 |       ||     9
       Pizza             |       |       |       |     1 |       |       |     2 |     1 ||     4
       Royal jelly       |       |       |       |       |     2 |       |       |       ||     2
       Meat ration       |       |       |       |       |     1 |     3 |     1 |     1 ||     6
       Beef jerky        |       |       |       |       |       |     1 |     3 |     3 ||     7
